[Event "FRA-ch Teams Top 16-Bas 2022"]
[Site "Chartres"]
[Date "2022.06.16"]
[Round "8.10"]
[White "Fantinel, Thibault"]
[Black "Saatdjian, Thomas"]
[Result "1-0"]
[ECO "B23"]
[WhiteElo "2388"]
[BlackElo "2271"]
[Annotator "TA"]
[PlyCount "75"]
[EventDate "2022.06.16"]
[EventType "team-tourn"]
[EventCountry "FRA"]
[SourceTitle "playchess.com"]
[Source "ChessBase"]
[SourceQuality "1"]
[TimeControl "40/5400+30:1800+30"]

1. e4 c5 2. Nc3 Nc6 3. Bb5 Nd4 4. Bc4 Nf6 5. Nge2 a6 6. a4 {[%emt 0:03:52] Prevents b5. B23: Closed Sicilian: Lines without g3.} e6 7. O-O d5 8. exd5 {[%emt 0:00:05] The position is equal.} exd5 9. Ba2 ({Of course not} 9. Nxd4 cxd4 10. Nxd5 Nxd5 $15) 9... Bg4 10. h3 Bh5 11. d3 h6 {[%emt 0:01:32] [#]} (11... Be7 $14) 12. f3 $146 ({Predecessor:} 12. Qd2 Nxe2+ 13. Nxe2 Bd6 14. Nf4 Bxf4 15. Re1+ Kf8 16. Qxf4 g5 17. Qg3 Rc8 18. Bd2 {½-½ (27) Mellado Trivino,J (2435)-Teske,H (2550) Seville 2012}) 12... Ne6 {[%emt 0:08:30] [#]} ({Better is} 12... Be7) 13. g4 $1 Bg6 {[%emt 0:00:05] [#]} 14. f4 $1 {[%emt 0:01:30] And now f5 would win.} Nc7 15. f5 Bh7 16. Nf4 $36 {[%emt 0:01:56][%mdl 2048] White has strong initiative.} d4 (16... Qd6 $16 {keeps fighting.}) 17. Ne4 $18 Be7 (17... Nxe4 {was called for.} 18. dxe4 Qe7) 18. Nxf6+ Bxf6 19. Re1+ Kf8 20. Qf3 Rb8 21. Bd2 Qd6 22. Rab1 Qc6 23. Qxc6 bxc6 24. b4 c4 25. Bxc4 {[%emt 0:00:09] White is clearly winning.} Bg5 26. Re4 Rd8 27. Rf1 Rd6 (27... Be7 $142 28. Ng6+ Bxg6 29. fxg6 f6) 28. b5 c5 {[%emt 0:00:09] Against Bb4} 29. bxa6 Nxa6 30. Rfe1 g6 31. fxg6 Bxg6 32. Nxg6+ Rxg6 33. Bxg5 hxg5 34. Re8+ Kg7 35. Rxh8 Kxh8 36. Bxf7 Rb6 37. a5 Rb5 38. Bc4 {[%emt 0:00:39] White took control after the opening.  Weighted Error Value: White=0.02 (flawless) /Black=0.27 (precise)} 1-0

[Event "FRA-ch Teams Top 16-Bas 2022"]
[Site "Chartres"]
[Date "2022.06.16"]
[Round "8.11"]
[White "Eden, James"]
[Black "Ternault, Mathieu"]
[Result "0-1"]
[ECO "B03"]
[WhiteElo "2273"]
[BlackElo "2367"]
[Annotator "TA"]
[PlyCount "56"]
[EventDate "2022.06.16"]
[EventType "team-tourn"]
[EventCountry "FRA"]
[SourceTitle "playchess.com"]
[Source "ChessBase"]
[SourceQuality "1"]
[TimeControl "40/5400+30:1800+30"]

1. e4 Nf6 2. e5 Nd5 3. d4 d6 4. c4 Nb6 5. exd6 cxd6 6. Nc3 g6 7. Bd3 Bg7 8. Nge2 Nc6 9. Be3 O-O {[%emt 0:10:16] B03: Alekhine's Defence: Four Pawns Attack.} 10. b3 d5 11. c5 Nd7 {[%emt 0:09:11] The position is equal.} 12. Rc1 {[%emt 0:03:27] [#]} (12. O-O $11) 12... e5 $1 $17 13. Bb1 {[%emt 0:08:47] [#]} (13. Bb5 $15) 13... exd4 $1 $19 14. Nxd4 Nxd4 (14... Bxd4 $19 15. Bxd4 Re8+ 16. Kf1 Qh4) 15. Bxd4 $15 Re8+ 16. Ne2 ({Better is} 16. Kf1 $15) 16... Qa5+ (16... Bxd4 $142 17. Qxd4 b6 18. cxb6 axb6) 17. Kf1 $17 {[%emt 0:00:12] [#]} Nf6 $146 (17... Bxd4 $17 18. Qxd4 b6) ({Predecessor:} 17... Ne5 18. h3 Bd7 19. f4 Nc6 20. Bxg7 Kxg7 21. Kf2 Rad8 22. Rf1 d4 23. Kg1 Bc8 {0-1 (40) Barbu,I (2282)-Iankowski,R (2389) Miercurea Ciuc 2000}) 18. f3 Bd7 19. Bd3 h5 {[%emt 0:08:46] Prevents g4. Black is more active.} (19... Qxa2 $2 20. Ra1 Qxa1 21. Qxa1 $18) ({Black should play} 19... Nh5 $17 {And now ...Bxd4 would win.} 20. Bf2 Bh6) 20. Qe1 (20. Rc2 $11) 20... Qxa2 $15 21. Qc3 {[%emt 0:00:58] aiming for Ra1.} Bf5 22. Rc2 $2 {[%emt 0:11:17][%mdl 8192] Loses the game.} (22. Bb5 $15) 22... Qb1+ $19 23. Kf2 Rxe2+ 24. Rxe2 Qxd3 {[%emt 0:00:32] Really sharp!} ({Worse is} 24... Qxh1 25. Bxf5 Re8 26. Bd3 Rxe2+ 27. Bxe2 $15) 25. Qxd3 Bxd3 26. Re7 {[%emt 0:02:44] [#]} (26. Re5 {keeps fighting.}) 26... Ng4+ $1 {[%emt 0:01:28] Black is clearly winning.} 27. Kg3 {[%emt 0:00:23] Bxg7 is the strong threat.} Bxd4 28. Rd1 (28. fxg4 $142 hxg4 29. b4) 28... Ne3 {[%emt 0:01:47] Weighted Error Value: White=0.97/Black=0.31} 0-1

[Event "FRA-ch Teams Top 16-Bas 2022"]
[Site "Chartres"]
[Date "2022.06.16"]
[Round "8.12"]
[White "Le Hetet, Nicolas"]
[Black "Sochacki, Wojtek"]
[Result "1-0"]
[ECO "B74"]
[WhiteElo "2372"]
[BlackElo "2324"]
[Annotator "TA"]
[PlyCount "79"]
[EventDate "2022.06.16"]
[EventType "team-tourn"]
[EventCountry "FRA"]
[SourceTitle "playchess.com"]
[Source "ChessBase"]
[SourceQuality "1"]
[TimeControl "40/5400+30:1800+30"]

1. e4 c5 2. Nf3 d6 3. d4 cxd4 4. Nxd4 Nf6 5. Nc3 g6 6. Be3 Bg7 7. Be2 Nc6 8. Nb3 O-O 9. f4 Be6 10. O-O Qc8 11. h3 Rd8 12. Bf3 Bc4 13. Rf2 d5 {[%emt 0:36:48] B74: Sicilian Dragon: Classical System with 9 Nb3.} 14. exd5 {[%emt 0:04:14] [#]} Nxd5 $1 15. Nxd5 {[%emt 0:00:49] Hoping for Rd2.} e6 {[%emt 0:00:10] The position is equal.} 16. Rd2 Bxd5 (16... exd5 {seems wilder.} 17. c3 Re8 18. Bc5 Qc7) 17. Bxd5 Rxd5 18. Rxd5 exd5 19. c3 {[%emt 0:04:58] [#]} Qe6 $146 ({Predecessor:} 19... Qf5 20. Qd2 Re8 21. Rd1 b6 22. Bf2 Bf6 23. g4 Qc8 24. Qxd5 Rd8 25. Qf3 Rxd1+ 26. Qxd1 {½-½ (51) Troianescu,O-Barczay,L Havana 1971}) 20. Qf3 Re8 21. Re1 Qf5 22. g4 Qd3 23. Qe2 Qe4 {[%emt 0:02:54] And now ...d4 would win.} 24. Nc5 Qe7 {[%emt 0:00:04] ...d4 is the strong threat.} 25. Qd2 {[%emt 0:00:52] Prevents d4.} Qc7 (25... b6 $11 26. Nb3 Qd8) 26. Qxd5 $16 Rd8 27. Qf3 {[%emt 0:01:23] White is more active.} h6 28. Kg2 b6 29. Nb3 (29. Ne4 $16) 29... Qd7 30. Re2 Re8 31. Bf2 Rc8 ({Better is} 31... Rxe2 32. Qxe2 Qd5+ 33. Qf3 Qe6) 32. Rd2 Qe8 33. Rd6 g5 34. Nd4 ({White should play} 34. fxg5 $16 hxg5 35. Nd2) 34... Na5 $2 {[%emt 0:00:27][%mdl 8192] Black cannot hold the game after this.} (34... Nxd4 $11 {and Black is okay.} 35. Bxd4 Qe7) 35. Nf5 $18 Qf8 (35... Rc6 36. fxg5 Rxd6) 36. Bd4 Bxd4 37. Rxd4 {[%emt 0:00:17] Black must now prevent fxg5.} ({Weaker is} 37. cxd4 Rc2+ 38. Kg3 Qe8 $18) 37... f6 38. Rd7 {[%emt 0:00:56] Qe4 would kill now.} Kh8 39. Nd6 Rc6 {[%emt 0:00:33] [#]} 40. Qe4 $1 {[%emt 0:00:42] Weighted Error Value: White=0.18 (very precise) /Black=0.70} 1-0

[Event "FRA-ch Teams Top 16-Bas 2022"]
[Site "Chartres"]
[Date "2022.06.16"]
[Round "8.13"]
[White "Dutreuil, Raphael"]
[Black "Domenech, Vianney"]
[Result "1-0"]
[ECO "E60"]
[WhiteElo "2309"]
[BlackElo "2266"]
[Annotator "RC"]
[PlyCount "97"]
[EventDate "2022.06.16"]
[EventType "team-tourn"]
[EventCountry "FRA"]
[SourceTitle "playchess.com"]
[Source "ChessBase"]
[SourceQuality "1"]
[TimeControl "40/5400+30:1800+30"]

1. d4 Nf6 2. Nf3 g6 3. g3 Bg7 4. Bg2 d6 5. c4 O-O 6. O-O Nc6 7. d5 Na5 8. Na3 c5 9. Re1 a6 10. e4 e5 11. Rb1 Rb8 12. Bd2 b6 13. Bc3 Bd7 14. Nd2 Nb7 15. Nc2 b5 16. b3 b4 17. Bb2 Qc8 18. f4 exf4 19. gxf4 Bg4 20. Qc1 Bh3 21. Bf3 Bg4 22. Bg2 Bh3 23. Bf3 Bg4 24. Qd1 Bxf3 25. Qxf3 Qg4+ 26. Qg3 Rfe8 27. e5 Qxg3+ 28. hxg3 Ng4 29. Nf3 a5 30. a4 bxa3 31. Nxa3 a4 32. Nb5 axb3 33. Bc3 h5 34. Rxb3 Re7 35. Nxd6 Bf8 36. Reb1 Nxd6 37. Rxb8 Ne4 38. Be1 Ra7 39. d6 Kg7 40. R8b2 Ra3 41. Re2 Nc3 42. Bxc3 Rxc3 43. Kg2 Ne3+ 44. Rxe3 Rxe3 45. Rd1 Re2+ 46. Kh3 h4 47. gxh4 Re4 48. Kg3 Rxc4 49. d7 1-0

[Event "FRA-ch Teams Top 16-Bas 2022"]
[Site "Chartres"]
[Date "2022.06.16"]
[Round "8.14"]
[White "Boukhris-Ferre, Yacine"]
[Black "Cantin, Loic"]
[Result "0-1"]
[ECO "B30"]
[WhiteElo "2183"]
[BlackElo "2199"]
[Annotator "NA RC"]
[PlyCount "80"]
[EventDate "2022.06.16"]
[EventType "team-tourn"]
[EventCountry "FRA"]
[SourceTitle "playchess.com"]
[Source "ChessBase"]
[SourceQuality "1"]
[TimeControl "40/5400+30:1800+30"]

1. e4 c5 2. Nf3 Nc6 3. Bb5 Nf6 4. Nc3 Qc7 5. O-O Nd4 6. Re1 a6 7. e5 Nxb5 8. exf6 gxf6 9. Nd5 Qc6 10. c4 Nc7 11. Nxc7+ Qxc7 12. d4 b6 13. Be3 Bb7 14. d5 e6 15. a3 Rg8 16. Qd3 Bd6 17. Rab1 b5 18. b3 O-O-O 19. h3 Rg7 20. Red1 Rdg8 21. Ne1 Be5 22. Kf1 f5 23. Rdc1 d6 24. Rc2 bxc4 25. bxc4 Kd7 26. f4 Bf6 27. Bf2 a5 28. Rd2 Rb8 29. Rb5 Ba6 30. dxe6+ Ke7 31. Rxb8 Qxb8 32. exf7 Rxf7 33. Nc2 Qb1+ 34. Rd1 Bxc4 35. Qxc4 Qxd1+ 36. Be1 Kf8 37. Ne3 Qd4 38. Qb3 Qxf4+ 39. Bf2 Bd4 40. g3 Qe4 0-1

[Event "FRA-ch Teams Top 16-Bas 2022"]
[Site "Chartres"]
[Date "2022.06.16"]
[Round "8.15"]
[White "Caille, Hugo"]
[Black "Louis, Thibault"]
[Result "1/2-1/2"]
[ECO "A48"]
[WhiteElo "2177"]
[BlackElo "2154"]
[Annotator "TA"]
[PlyCount "123"]
[EventDate "2022.06.16"]
[EventType "team-tourn"]
[EventCountry "FRA"]
[SourceTitle "playchess.com"]
[Source "ChessBase"]
[SourceQuality "1"]
[TimeControl "40/5400+30:1800+30"]

1. Nf3 c5 2. e3 g6 3. d4 Nf6 4. d5 Bg7 5. Be2 b5 (5... d6 $11 {is superior.}) 6. O-O {[%emt 0:06:42] A48: 1 d4 Nf6 2 Nf3 g6: Torre, London and Colle Systems.} (6. Bxb5 $14 Qa5+ 7. Nc3) 6... Bb7 $11 {[%emt 0:05:51] [#]} 7. Bxb5 $146 {[%emt 0:18:24] White wants to play c4.} ({Predecessor:} 7. c4 bxc4 8. Nc3 O-O 9. Bxc4 d6 10. e4 Nbd7 11. h3 Nb6 12. Bb3 c4 13. Bc2 {½-½ (36) Wutz,C (2277)-Lapcevic,M (2361) Bayern 2018}) 7... Nxd5 8. e4 Nc7 9. Bc4 O-O 10. Re1 d6 11. c3 Nc6 12. Bg5 Kh8 13. Nbd2 f6 14. Bh4 e5 15. Nf1 Ne7 16. Qc2 Qd7 (16... d5 $5 17. Rad1 Qe8 18. exd5 Ncxd5 $11) 17. Rad1 Qc6 18. Qd3 Rad8 $2 (18... d5 $11 19. exd5 Ncxd5) 19. Nxe5 $1 $18 dxe5 (19... Qe8) 20. Qxd8 Nf5 (20... Nc8 21. Ne3 Nb6) 21. Bxf6 Rxd8 22. Rxd8+ Ne8 {[%emt 0:00:11] ...Nfd6 is the strong threat.} 23. Bd5 {[%emt 0:00:32][%mdl 64] Skewer} Qxf6 24. Rxe8+ Bf8 25. Bxb7 Nd6 26. Rb8 Kg7 (26... Qe7 {was worth a try.} 27. Bd5 h5) 27. Bd5 h5 28. Re3 Be7 29. Rf3 Qg5 30. Ne3 h4 31. h3 a5 32. Nc4 {[%emt 0:05:02] Strongly threatening Nxd6.} Qc1+ 33. Kh2 Bg5 34. Nxd6 {[%emt 0:04:10] Intending Rf7+ and mate.} Bf4+ 35. g3 hxg3+ 36. fxg3 {[%emt 0:02:48] Rb7+ would kill now.} Qd2+ 37. Kh1 {[%emt 0:00:24] White wants to mate with Rb7+.} Qe2 38. Rb7+ (38. gxf4 Qxf3+ 39. Kg1 exf4 $11) 38... Kh6 39. Nf7+ (39. gxf4 Qxf3+ 40. Kg1 exf4 $11) 39... Kh5 {[%emt 0:00:06] [#]} 40. Nxe5 (40. gxf4 Qxf3+ 41. Kg1 Kh4 $15) 40... Bxe5 {[%emt 0:01:01] [#]} 41. Rbf7 ({Less strong is} 41. Rh7+ Kg5 42. h4+ Kg4 $16) 41... Kh6 42. Rf2 Qe1+ 43. Kg2 a4 44. a3 Qe3 45. R7f3 Qe1 46. h4 c4 47. g4 {[%emt 0:03:41][%cal Bg3g4,Bg4g5][%mdl 32] aiming for Rf7.} Bg7 48. g5+ Kh7 49. Rf4 Be5 50. Rf7+ Bg7 51. Rd7 Qe3 52. Rd8 Qe1 53. Bg8+ Kh8 54. Bxc4+ Kh7 55. Bg8+ Kh8 56. Bd5+ Kh7 57. c4 Qe3 58. Rd7 Kh8 59. Re7 Qc5 60. Rff7 {[%emt 0:00:36] White threatens h5 and mate.} Qe3 61. Rxg7 $2 (61. Re8+ $18 Kh7 62. Rf2) 61... Qf2+ $11 62. Kxf2 {[%emt 0:00:45] Weighted Error Value: White=0.34/Black=0.60} 1/2-1/2

[Event "FRA-ch Teams Top 16-Bas 2022"]
[Site "Chartres"]
[Date "2022.06.16"]
[Round "8.16"]
[White "Gennesseaux, Gabrielle"]
[Black "Afraoui, Solenn"]
[Result "0-1"]
[ECO "B51"]
[WhiteElo "1794"]
[BlackElo "1945"]
[Annotator "TA"]
[PlyCount "44"]
[EventDate "2022.06.16"]
[EventType "team-tourn"]
[EventCountry "FRA"]
[SourceTitle "playchess.com"]
[Source "ChessBase"]
[SourceQuality "1"]
[TimeControl "40/5400+30:1800+30"]

1. e4 c5 2. Nf3 d6 3. Bb5+ Nd7 4. O-O Ngf6 5. Re1 a6 6. Bf1 b5 {[%emt 0:02:32] B51: Sicilian: Moscow Variation (3 Bb5+) without 3...Bd7.} 7. a4 Bb7 8. axb5 axb5 {[%emt 0:00:14] White is better.} 9. Rxa8 Qxa8 10. Bxb5 Bxe4 11. Re3 ({White should try} 11. Nc3 $14 Bxf3 12. gxf3 (12. Qxf3 Qxf3 13. gxf3 Kd8 $14)) 11... e6 $11 12. Ra3 Qb7 {[%emt 0:09:55] [#]} 13. Ba6 $146 ({Predecessor:} 13. Nc3 Bc6 14. Qe2 Be7 15. Bxc6 Qxc6 16. Ra6 Nb6 17. Qb5 Qxb5 18. Nxb5 Nc8 19. d4 {½-½ (32) Stertenbrink,G (2280)-Dueball,J (2445) Germany 1987}) 13... Bxf3 14. gxf3 (14. Qxf3 $11 Qxf3 15. gxf3) 14... Qb6 15. Qe2 Be7 16. Rb3 (16. Qb5 $142) 16... Qa5 $17 {[%emt 0:01:41] White must now prevent ...Qa1.} 17. Ra3 {[%emt 0:04:02] [#] Prevents Qa1.} Qc7 18. Nc3 O-O 19. Ne4 d5 20. Ng3 (20. Nxf6+ $142 Nxf6 21. d4) 20... c4 $19 21. d3 $2 {[%emt 0:01:10] [#]} (21. Ra2 Qb6 22. d4) 21... Bxa3 22. bxa3 Qb6 {[%emt 0:01:11] Weighted Error Value: White=0.53/Black=0.10 (very precise)} 0-1

[Event "FRA-ch Teams Top 16-Bas 2022"]
[Site "Chartres"]
[Date "2022.06.16"]
[Round "8.17"]
[White "Ganguly, Surya Shekhar"]
[Black "Kulaots, Kaido"]
[Result "1/2-1/2"]
[ECO "A17"]
[WhiteElo "2616"]
[BlackElo "2537"]
[Annotator "TA"]
[PlyCount "103"]
[EventDate "2022.06.16"]
[EventType "team-tourn"]
[EventCountry "FRA"]
[SourceTitle "playchess.com"]
[Source "ChessBase"]
[SourceQuality "1"]
[TimeControl "40/5400+30:1800+30"]

1. Nf3 Nf6 2. c4 e6 3. Nc3 c5 4. g3 b6 5. e4 Bb7 6. d3 Nc6 7. Bg2 Be7 8. O-O O-O 9. d4 cxd4 10. Nxd4 Nxd4 11. Qxd4 d6 12. b3 Qb8 {[%emt 0:12:17] A17: English Opening: 1...Nf6 with ...Bb4.} 13. Bb2 Rd8 {[%emt 0:03:58] [#]} 14. Rfe1 $146 ({Predecessor:} 14. Rae1 Bf8 15. Kh1 Bc6 16. f4 Nd7 17. f5 Ne5 18. fxe6 fxe6 19. Bh3 Re8 20. Nb5 Bxb5 21. cxb5 {½-½ (44) Smejkal,J (2550)-Andersson,U (2560) Banja Luka 1979}) 14... Bf8 {[%emt 0:06:07] White is slightly better.} 15. Rad1 Nd7 16. Nb5 Nc5 17. Qe3 a6 18. Nd4 Qc7 19. Rc1 Rac8 20. b4 Nd7 21. Nb3 Qb8 22. a3 Ba8 23. Red1 Be7 24. h3 h6 25. Qe2 Bc6 26. Nd4 (26. Qg4 Ne5 27. Bxe5 dxe5 $15) 26... Bb7 (26... Ba4 $5 ) 27. f4 Nf6 28. Re1 Re8 29. Nb3 Qa8 30. Kh2 Bc6 31. Rcd1 Red8 32. Nd4 Bb7 33. Bf3 Nd7 {[%emt 0:02:46] [#]} (33... Rc7 $11 {remains equal.}) 34. Nb3 {[%emt 0:01:48] White is more active.} (34. Bh5 $1 $16) 34... Rc7 $11 35. Bg2 Rdc8 36. Rc1 ({Much worse is} 36. Qg4 Bf6 37. Bc1 Rxc4 38. Rxd6 Bc3 $15) 36... Bc6 37. Red1 Bb7 38. Bd4 Bc6 39. Bf2 ({Don't play} 39. Qg4 e5 40. fxe5 dxe5 $15) 39... Bb7 (39... e5 $15) 40. a4 a5 41. bxa5 bxa5 42. Nd4 $1 Nc5 43. Nb5 Rd7 44. Bxc5 Rxc5 45. e5 Bxg2 46. Qxg2 Qd8 47. Nxd6 Bxd6 48. Qd2 $1 {[%emt 0:00:05][%mdl 64] Pin} Rc6 49. Rc2 {[%emt 0:04:02] [#]} Qb6 $1 {[%emt 0:09:59][%cal Od7d8] And now ...Rd8! would win.} 50. Qg2 Qc7 51. exd6 ({White should play} 51. Rcd2 $1 $11) 51... Rdxd6 $15 ({Of course not} 51... Rcxd6 52. Rxd6 Rxd6 53. c5 $11) 52. Rxd6 {[%emt 0:00:44] Weighted Error Value: White=0.13 (very precise) /Black=0.15 (very precise)} 1/2-1/2

[Event "FRA-ch Teams Top 16-Bas 2022"]
[Site "Chartres"]
[Date "2022.06.16"]
[Round "8.18"]
[White "Dionisi, Thomas"]
[Black "Visakh N R"]
[Result "0-1"]
[ECO "C77"]
[WhiteElo "2408"]
[BlackElo "2506"]
[Annotator "TA"]
[PlyCount "118"]
[EventDate "2022.06.16"]
[EventType "team-tourn"]
[EventCountry "FRA"]
[SourceTitle "playchess.com"]
[Source "ChessBase"]
[SourceQuality "1"]
[TimeControl "40/5400+30:1800+30"]

1. e4 e5 2. Nf3 Nc6 3. Bb5 a6 4. Ba4 Nf6 5. d3 b5 6. Bb3 Bc5 7. Nc3 {[%emt 0:00:24] Recently 7.c3 got a lot of attention.} d6 {[%emt 0:00:52] C77: Ruy Lopez: 3...a6 4 Ba4 Nf6, unusual lines.} 8. Nd5 h6 {[%emt 0:00:40] Inhibits Bg5.} 9. c3 Rb8 {[%emt 0:00:39] The position is equal.} 10. O-O O-O 11. d4 Ba7 12. Be3 Ng4 {[%emt 0:22:33] was the old line (12...Nxe4).} 13. Qe2 {[%emt 0:01:23] [#]} Nxe3 $146 ({Predecessor:} 13... a5 14. Rad1 a4 15. Bc2 Re8 16. h3 Nxe3 17. Nxe3 Bd7 18. Rfe1 Na5 19. Bb1 Qc8 {½-½ (42) Bertaggia,M (2049)-Tornaboni,C (2024) ICCF email 2020}) 14. fxe3 Be6 15. Nf6+ gxf6 16. d5 Bg4 17. dxc6 f5 $1 18. h3 Bxf3 19. Rxf3 f4 (19... fxe4 $2 20. Rg3+ Kh7 21. Qh5 (21. Qg4 Qg5 $11) 21... Bxe3+ 22. Rxe3 $18) 20. Raf1 Kh8 21. Kh1 Bxe3 22. Rxe3 fxe3 23. Rf5 $1 Qh4 24. Qxe3 Rg8 25. Kh2 $1 Rg7 26. g3 Qe7 27. Qxh6+ Rh7 28. Qe3 {[%emt 0:00:07][%mdl 1024] White has compensation.} Rg8 (28... f6 $11) 29. Qf3 (29. Qf2 $16) 29... Rgg7 (29... Rf8 $11) 30. Kg2 (30. h4 $16) 30... Qh4 $11 31. g4 Kg8 32. Rf6 (32. Qg3 $1 $11 {keeps the balance.}) 32... Kf8 $1 $36 {[%emt 0:01:43][%cal Og7g4][%mdl 2048] ...Rxg4+! is the strong threat. Black is really pushing.} ({Don't play} 32... Qe1 33. Rxd6 $3 Kh8 34. Rd1 $14) 33. Rf5 Ke7 34. Qg3 f6 (34... Qh6 $17 35. Rf1 Rh8) 35. Bd5 (35. Qxh4 $15 Rxh4 36. Bd5) 35... Qh6 36. Rf1 Rh8 {[%emt 0:00:40] Hoping for ...Rgh7.} 37. Rf3 $1 Qc1 {[%emt 0:00:51] Really sharp!} 38. Rf2 {[%emt 0:01:07] [#] This costs White the game.} ({Better is} 38. b4 $15) 38... Rgh7 $1 $19 39. Qf3 $2 (39. Rf3 Qxb2+ 40. Kg1) 39... Qh6 40. Kg1 Qg5 (40... Qxh3 {is a self mate.} 41. Qxf6+ Ke8 42. Bf7+ Kf8 43. Bh5+ Kg8 44. Qf8#) 41. Kg2 Rh4 ({But not} 41... Rxh3 $2 42. Qxh3 Rxh3 43. Kxh3 $19) 42. Qg3 Qh6 43. g5 Qxg5 44. Qxg5 fxg5 {[%emt 0:00:01][%mdl 4096] Endgame KRR-KRB} 45. Rf7+ Kd8 46. Rd7+ Kc8 47. Be6 Kb8 48. Bf5 Rg8 49. Kg3 $2 (49. b3 {might work better.}) 49... Rf4 50. Kg2 g4 51. hxg4 Rfxg4+ 52. Bxg4 Rxg4+ {[%emt 0:00:05] KR-KR} 53. Kf3 Rh4 {[%emt 0:00:05] Threatens to win with ...Rh2.} 54. Ke3 Rh2 55. b4 (55. b3) 55... Rxa2 {[%emt 0:00:04] Black is clearly winning.} 56. Kd3 a5 57. c4 bxc4+ 58. Kxc4 axb4 59. Kb5 Rc2 {[%emt 0:00:07] Weighted Error Value: White=0.38/Black=0.14 (very precise)} 0-1

[Event "FRA-ch Teams Top 16-Bas 2022"]
[Site "Chartres"]
[Date "2022.06.16"]
[Round "8.19"]
[White "Bailet, Pierre"]
[Black "Housieaux, David"]
[Result "1-0"]
[ECO "E69"]
[WhiteElo "2509"]
[BlackElo "2412"]
[Annotator "TA"]
[PlyCount "89"]
[EventDate "2022.06.16"]
[EventType "team-tourn"]
[EventCountry "FRA"]
[SourceTitle "playchess.com"]
[Source "ChessBase"]
[SourceQuality "1"]
[TimeControl "40/5400+30:1800+30"]

1. Nf3 Nf6 2. g3 g6 3. Bg2 Bg7 4. O-O O-O 5. d4 d6 6. c4 Nbd7 7. Nc3 e5 8. e4 c6 9. h3 exd4 10. Nxd4 Re8 11. Be3 Nc5 12. Qc2 a5 13. Rad1 Qe7 14. Rfe1 h5 {[%emt 0:01:30] E69: King's Indian: Fianchetto: 6...Nbd7 7 0-0 e5 8 e4 c6 9 h3.} (14... Nfxe4 15. Bxe4 Nxe4 16. Nxe4 Qxe4 17. Bd2 Qxe1+ 18. Bxe1 $16) (14... Ncxe4 $2 15. Bc1 $18) 15. Bg5 Qc7 16. b3 Nh7 {[%emt 0:02:18] White is slightly better.} 17. Be3 {[%emt 0:01:29] White is more active.} Qe7 {[%emt 0:07:52] [#]} 18. f4 $146 ({Predecessor:} 18. Qd2 Bd7 19. Nde2 Be6 20. Qxd6 Qxd6 21. Rxd6 Na6 22. Red1 Nb4 23. R6d2 Bf6 24. Bb6 {1-0 (41) Ruf,M (2350)-Nuri,K (2263) Kreuzlingen 2017}) 18... h4 19. g4 g5 20. f5 Be5 (20... Bd7 $16 21. Nf3 Bxc3 22. Qxc3 Nxe4) 21. Nf3 $18 Bxc3 22. Qxc3 Nxe4 23. Qc2 {[%emt 0:01:17] Black must now prevent Bf2.} Bd7 (23... Qf8 $142 24. Bc1 d5 25. cxd5 cxd5 26. Rxd5 Nef6) 24. Bd4 {[%emt 0:06:33] [#] And now Nd2 would win.} d5 25. Nd2 Qd6 (25... Qd8 $142 26. Bxe4 c5) 26. Nxe4 dxe4 27. Bf2 ({Not} 27. Rxe4 Rxe4 28. Qxe4 (28. Bxe4 Re8 $16) 28... c5 $18) (27. Bxe4 c5 28. Bb2 Qg3+ 29. Qg2 Qxg2+ 30. Bxg2 Rxe1+ 31. Rxe1 Bc6 32. Bxc6 bxc6 $18) 27... Qc7 28. Rxe4 Rad8 29. Qd2 Rxe4 30. Bxe4 f6 (30... Re8 {was necessary.} 31. Bb1 (31. Qxd7 Qxd7 32. Rxd7 Nf6 $18) 31... Bc8) 31. Qd4 Qf4 32. Qe3 Qxe3 33. Bxe3 {[%emt 0:00:06] Strongly threatening Bf3.} Nf8 34. Bf3 {[%emt 0:01:31] Hoping for Bc5.} Ra8 $2 (34... Re8) 35. Rd6 a4 36. Rxf6 axb3 37. axb3 Ra1+ 38. Kf2 {[%emt 0:00:13] White is clearly winning.} Be8 39. Rd6 ({Weaker is} 39. Bxg5 Nh7 $18) 39... Rb1 40. Bxg5 Rb2+ 41. Rd2 Rxb3 42. Bxh4 {[%emt 0:01:34] [#] aiming for Rd8. This bishop pair is nice.} Bf7 43. Rd8 {[%emt 0:01:32] Be7 is the strong threat.} Kg7 44. f6+ Kg8 45. Bg5 {[%emt 0:00:19] Black got outplayed after the opening.  Weighted Error Value: White=0.13 (very precise) /Black=0.38} 1-0

[Event "FRA-ch Teams Top 16-Bas 2022"]
[Site "Chartres"]
[Date "2022.06.16"]
[Round "8.20"]
[White "Chabanon, Jean-Luc"]
[Black "Lazarev, Vladimir"]
[Result "1/2-1/2"]
[ECO "B43"]
[WhiteElo "2432"]
[BlackElo "2491"]
[Annotator "TA"]
[PlyCount "25"]
[EventDate "2022.06.16"]
[EventType "team-tourn"]
[EventCountry "FRA"]
[SourceTitle "playchess.com"]
[Source "ChessBase"]
[SourceQuality "1"]
[TimeControl "40/5400+30:1800+30"]

1. e4 c5 2. Nf3 e6 3. d4 cxd4 4. Nxd4 a6 5. Nc3 Qc7 6. Be3 Nf6 {[%emt 0:07:13] 6...Bb4 injects fresh life into this line.} 7. f3 Bb4 {[%emt 0:05:37] B43: Sicilian: Kan Variation: 5 Nc3.} 8. Nde2 $1 Nc6 9. a3 Be7 10. g4 h6 {[%emt 0:07:50] [#]} 11. Nf4 $146 ({Predecessor:} 11. Bg2 Ne5 12. b3 b5 13. h3 b4 14. Na4 Bb7 15. axb4 Bxb4+ 16. c3 Be7 17. O-O {0-1 (45) Bersamina,P (2283)-Debashis,D (2488) Manila 2013}) 11... b5 12. Nd3 d5 13. exd5 {[%emt 0:09:31] Black took control after the opening.  Weighted Error Value: White=0.09 (flawless) /Black=0.00 (flawless)} 1/2-1/2